 Dungeon Crawl Stone Soup version 0.30-a0-223-gcb0039aa0c (webtiles) character file.

Game seed: 12427122792602667521

44 qw the Chopper (level 3, -1/23 HPs)
             Began as a Gargoyle Fighter on Oct 9, 2022.
             Slain by Terence
             ... wielding a +0 short sword
              (5 damage)
             ... on level 2 of the Dungeon.
             The game lasted 00:00:29 (1020 turns).

qw the Chopper (Gargoyle Fighter)                   Turns: 1020, Time: 00:00:30

Health: -1/23      AC:  0    Str: 21    XL:     3   Next: 62%
Magic:  3/3        EV: 13    Int:  8    God:
Gold:   82         SH:  0    Dex:  9    Spells: 2/2 levels left

rFire   . . .      SeeInvis .    (weapon currently unavailable)
rCold   . . .      Faith    .    (shield currently unavailable)
rNeg    + . .      Spirit   .    (body armour currently unavailable)
rPois   inf        Reflect  .    (helmet currently unavailable)
rElec   .          Harm     .    (cloak currently unavailable)
rCorr   .          Rampage  .    (gloves currently unavailable)
Will    .....                    (boots currently unavailable)
Stlth   +.........               (no amulet)
HPRegen 0.23/turn                (ring currently unavailable)
MPRegen 0.08/turn                (ring currently unavailable)

@: pig-form (expiring), very quick
A: fast, no casting, sickness immunity, AC +3, small, negative energy resistance
1, (electricity resistance), torment resistance 1, petrification resistance
a: no special abilities


You were on level 2 of the Dungeon.
You were a filthy swine.
You visited 1 branch of the dungeon, and saw 2 of its levels.

You collected 82 gold pieces.


Innate Abilities, Weirdness & Mutations

You are a filthy swine.
You move quickly.
Your equipment is almost entirely melded.
You are incapable of wielding weapons or throwing items.
You cannot cast spells.
You are immune to sickness and miasma.
((Your stone body is resilient. (AC +3)))
You are immune to poison.
You resist negative energy. (rN+)
((You are resistant to electric shocks. (rElec)))
You are resistant to unholy torment.
You are immune to petrification.


   Skills:
 - Level 3.2 Fighting
 + Level 3.5 Axes
 - Level 3.2 Armour
 - Level 3.2 Shields


You had 2 spell levels left.
You didn't know any spells.
Your spell library was empty.

Inventory:

Hand Weapons
 f - a +0 club
 Y - a +0 war axe (melded)
Armour
 b - a +0 scale mail (melded)
 c - a +0 buckler (melded)
Potions
 d - a potion of might
 e - a potion of curing {unknown}
 h - a potion of invisibility {unknown}

Dungeon Overview and Level Annotations

Branches:
Dungeon (2/15)

Altars:
Qazlal

Annotations:
D:2 Terence


Message History

Terence is nearby!
1006 ||| Stepping ~*~*~tactically~*~*~ (hiding).
You start waiting.
Terence is nearby!
A dart slug comes into view.
Terence zaps a wand.
You resist with significant effort.
You hit Terence but do no damage.
Terence zaps a wand.
You turn into a filthy swine.
Your +0 war axe melds into your body.
Your +0 buckler melds into your body.
Your +0 scale mail melds into your body.
Terence closely misses you.
You hit Terence but do no damage. Terence completely misses you.
You barely miss Terence. You hit Terence.
Terence is lightly wounded.
Terence misses you.
You barely miss Terence.
Terence is lightly wounded.
Terence closely misses you.
You hit Terence.
Terence is moderately wounded.
Terence hits you with a +0 short sword.
You hit Terence.
Terence is heavily wounded.
Terence barely misses you.
You barely miss Terence.
Terence is heavily wounded.
Terence hits you with a +0 short sword!
You hit Terence.
Terence is severely wounded.
Terence misses you.
You barely miss Terence.
Terence is heavily wounded.
Your transformation is almost over.
Terence hits you with a +0 short sword!
You hit Terence but do no damage.
Terence is heavily wounded.
Terence hits you with a +0 short sword.
You die...

######...........
..................
.########........>
###....... #.......
#....... #.......
..#.#############.......
.....w@h................
......#################.
..... #. .... #. ... #.
#. #. # ## #


You could see Terence and a dart slug.

Vanquished Creatures
  A gnoll (D:1)
  4 bats
  5 endoplasms (D:1)
  A giant cockroach (D:1)
  A goblin (D:1)
  3 hobgoblins (D:1)
  4 jackals (D:1)
  2 ball pythons
  5 frilled lizards (D:1)
  3 kobolds
  2 rats (D:1)
31 creatures vanquished.

Notes
Turn   | Place    | Note
-------+----------+-------------------------------------------
     0 | D:1      | qw the Gargoyle Fighter began the quest for the Orb.
     0 | D:1      | Reached XP level 1. HP: 14/14 MP: 1/1
     0 | D:1      | 0 ||| qw: Version: 0.2-a-17-g06abaee
     0 | D:1      | 0 ||| qw: Game counter: 2120
     0 | D:1      | 0 ||| qw: Always use a shield: true
     0 | D:1      | 0 ||| qw: God list: Okawaru
     0 | D:1      | 0 ||| qw: Allow faded altars: false
     0 | D:1      | 0 ||| qw: Do Orc after D:15 true
     0 | D:1      | 0 ||| qw: Do second Lair branch before Depths: true
     0 | D:1      | 0 ||| qw: Lair rune preference: random
     0 | D:1      | 0 ||| qw: Plans: Normal, Zot:1-4, God:TSO, Crypt, Tomb,
                  | Pan, Slime:5, Hells, Abyss, Orb
     0 | D:1      | 0 ||| PLANNING D:1-11
    32 | D:1      | Reached XP level 2. HP: 12/19 MP: 2/2
   239 | D:1      | Reached skill level 3 in Axes
   265 | D:1      | Reached XP level 3. HP: 23/23 MP: 3/3
   565 | D:1      | You fall into a shaft and drop 1 floor!
   565 | D:2      | Found a stormy altar of Qazlal.
   616 | D:2      | 616 ||| READING scroll labelled SEUDUUKHLAP.
   625 | D:2      | 625 ||| FLEEEEING.
   626 | D:2      | 626 ||| FLEEEEING.
   627 | D:2      | 627 ||| FLEEEEING.
   629 | D:2      | 629 ||| STAIRDANCE
   898 | D:1      | 898 ||| READING scroll labelled LEOLUIMAESA.
   899 | D:1      | 899 ||| READING scroll labelled FUTEGOTUDD.
   919 | D:2      | 919 ||| STAIRDANCE
  1003 | D:2      | Noticed Terence
  1004 | D:2      | 1004 ||| Stepping ~*~*~tactically~*~*~ (hiding).
  1006 | D:2      | 1006 ||| Stepping ~*~*~tactically~*~*~ (hiding).
  1019 | D:2      | HP: 4/23 [Terence/+0 short sword (9)]
  1020 | D:2      | Slain by Terence

Levels and vault maps discovered:
D:1:      dpeg_arrival_long_road, layout_loops_ring, minmay_misc_feat_tiny,
          grunt_decor_resistance
D:2:      layout_rooms, basic_altar, uniq_terence, uniq_crazy_yiuf_cottage

Skill      XL: |  1  2 |
---------------+-------+-----
Axes           | 2 3 |  3.5
Fighting       | |  3.2
Armour         | |  3.2
Shields        | |  3.2

Action                   || total
-------------------------++-------
Melee: War axe           ||    97
       Unarmed           ||    10
  Use: Scroll            ||     3
Armor: Scale mail        ||    45
Dodge: Dodged            ||    47
Block: Buckler           ||    18

Table legend:
 A = Non-vault XP
 B = Vault XP
 C = Vault XP percentage of total XP
 D = Non-vault monster count
 E = Vault monster count
 F = Vault count percentage of total count
                 A         B        C        D         E       F
            +---------+---------+-------+---------+---------+-------
      Total |      64 |       0 |   0.0 |      31 |       0 |   0.0
            +---------+---------+-------+---------+---------+-------
        D:1 |      58 |       0 |   0.0 |      28 |       0 |   0.0
        D:2 |       6 |       0 |   0.0 |       3 |       0 |   0.0
            +---------+---------+-------+---------+---------+-------
